[Event "*** Titled Tuesday Blitz"]
[Site "Chess.com"]
[Date "2020.04.07"]
[Round "8"]
[White "swimmerchess"]
[Black "Antipov_Mikhail_Al"]
[Result "1/2-1/2"]
[WhiteElo "2845"]
[BlackElo "2957"]
[TimeControl "180+1"]
[EndTime "14:39:39 PDT"]
[Termination "Game drawn by 50-move rule"]

1. e4 e5 2. Nf3 Nc6 3. Bb5 Nf6 4. O-O Nxe4 5. Re1 Nd6 6. Nxe5 Be7 7. Bf1 Nxe5 8. Rxe5 O-O 9. d4 Bf6 10. Bd3 Ne8 11. Nc3 d6 12. Re1 c6 13. d5 Bxc3 14. bxc3 cxd5 15. Qh5 Nf6 16. Qh4 Ne4 17. Qxd8 Rxd8 18.
c4 Nf6 19. Bg5 Be6 20. cxd5 Bxd5 21. Rab1 Re8 22. a4 Rxe1+ 23. Rxe1 Re8 24. Be3 Ng4 25. Bd2 Rxe1+ 26. Bxe1 Ne5 27. Bb4 Bc6 28. a5 d5 29.
f4 Nd7 30. Kf2 b6 31. Ke3 g6 32.
Kd4 f6 33. Be2 Kf7 34. Bf3 Ke6 35. c4 Bb7 36. cxd5+ Kf7 37. Be2 bxa5 38. Bxa5 Nb6 39. Bf3 Ke8 40. Kc5 Nd7+ 41. Kd6 Ba6 42. Kc7 Bb5 43. d6 a6 44. g4 Nf8 45. Bd5 Bd7 46. Bc3 Bxg4 47. Bxf6 Ne6+ 48. Kb7 Nxf4 49. Bg8 Kd7 50.
Kxa6 Kxd6 51. Bxh7 Be6 52. Bg5 Nh3 53. Be3 Bf7 54. Kb5 Ke7 55. Bd4 Ng5 56. Bxg6 Bxg6 57.
Kc4 Ke6 58. Be3 Nf3 59. h3 Ke5 60. Bf2 Ke4 61. h4 Ne5+ 62. Kc3 Bf7 63. Bg3 Ng4 64. Kd2 Kd4 65. Bf4 Nf6 66. Bg5 Ne4+ 67. Ke2 Bh5+ 68. Kf1 Kd3 69. Kg2 Be2 70. Bf4 Nc5 71. Bg5 Ke4 72.
Kg3 Nd3 73. Bd2 Bh5 74. Bg5 Ne5 75. Bf4 Nc4 76. Bg5 Nd6 77. Bd8 Nf5+ 78. Kh3 Kf3 79. Bg5 Kf2 80. Bf4 Kf3 81. Bg5 Nd6 82. Be7 Ne4 83.
Bg5 Nc5 84. Kh2 Nd3 85. Kg1 Nf2 86. Kf1 Nd3 87. Kg1 Bg4 88. Kh2 Kf2 89. Bd8 Ne5 90.
Bb6+ Kf3 91. Kg1 Bh5 92. Kh2 Nd3 93. Kg1 Nc1 94. Kf1 Nd3 95. Ba7 Bg6 96. Bb6 Bf5 97. Kg1 Bh3 98. Kh2 Kg4 99. Bd8 Ne5 100. Kg1 Kf3 101. Kh2 Bg2 102. Kg1 Bh3 103. Kh2 Kg4 104. Kg1 Nd3 105. Bg5 Kg3 106. Bd8 Ne1 107. Bc7+ Kxh4 108. Kf2 Ng2 109. Bg3+ Kg4 110. Bh2 Nh4 111. Bg3 Ng6 112. Bh2 Kf5 113. Bg3 Bg4 114. Bh2 Ke4 115. Kg3 Bf3 116. Bg1 Nf4 117. Bf2 Ne2+ 118. Kh4 Kf5 119. Be3 Bg4 120. Bg5 Nd4 121. Be3 Nc2 122. Bf2 Kf4 123. Bg3+ Kf3 124. Bb8 Nd4 125. Kg5 Ne6+ 126. Kf6 Ke4 127. Bg3 Nc5 128. Bd6 Nd3 129. Bc7 Kd5 130. Bg3 Nc5 131. Kg5 Bc8 132. Bb8 Ne6+ 133. Kf6 Ke4 134. Ke7 Kf5 135. Bd6 Nd4 136. Bc5 Nb5 137. Kd8 Be6 138. Ke7 Ke5 139. Bb6 Kd5 140. Bg1 Ke5 141. Bh2+ Kf5 142. Bg1 Bd5 143. Bh2 Kg6 144. Bg1 Kf5 145. Bh2 Nc3 146. Bg1 Ne4 147. Bd4 Bc4 148. Bb6 Ng5 149. Bd4 Nf7 150. Bb6 Ne5 151. Bc7 Nf3 152. Kd6 Ke4 153. Kc5 Kd3 154. Bd6 Nd4 155. Be5 Ne6+ 156. Kd6 Ke4 157. Bh8 Ng5 1/2-1/2

[Event "*** Titled Tuesday Blitz"]
[Site "Chess.com"]
[Date "2020.04.07"]
[Round "9"]
[White "mrsavic77"]
[Black "Evhen_Taranenko"]
[Result "1-0"]
[WhiteElo "2775"]
[BlackElo "2268"]
[TimeControl "180+1"]
[EndTime "14:41:22 PDT"]
[Termination "mrsavic77 won by checkmate"]

1. e4 c5 2. c3 d6 3. d4 cxd4 4. cxd4 Nf6 5. Nc3 a6 6. Nf3 e6 7. Bd3 b5 8. O-O Bb7 9. Qe2 Nbd7 10. Rd1 Be7 11. a3 O-O 12. e5 dxe5 13. dxe5 Nd5 14. Qe4 Nxc3 15. Qxh7# 1-0

[Event "*** Titled Tuesday Blitz"]
[Site "Chess.com"]
[Date "2020.04.07"]
[Round "9"]
[White "mmaks007"]
[Black "ethylalcohol"]
[Result "0-1"]
[WhiteElo "2302"]
[BlackElo "2174"]
[TimeControl "180+1"]
[EndTime "14:41:32 PDT"]
[Termination "ethylalcohol won by resignation"]

1. e4 e6 2. d4 d5 3. Nc3 Nf6 4.
e5 Nfd7 5. f4 c5 6. Nf3 Nc6 7. Be3 cxd4 8. Nxd4 Qb6 9. Na4 Qa5+ 10. c3 Nxd4 11. Bxd4 b5 12. b4 Qxa4 0-1

[Event "*** Titled Tuesday Blitz"]
[Site "Chess.com"]
[Date "2020.04.07"]
[Round "9"]
[White "MarcoRiehle"]
[Black "ENEASZ"]
[Result "1-0"]
[WhiteElo "2705"]
[BlackElo "2503"]
[TimeControl "180+1"]
[EndTime "14:41:39 PDT"]
[Termination "MarcoRiehle won by resignation"]

1. e4 d6 2. d4 Nf6 3. f3 e5 4. d5 Be7 5. Be3 O-O 6. Qd2 c6 7. c4 Nbd7 8. Nc3 a6 9. Bd3 Nc5 10. Bc2 a5 11. Nge2 Bd7 12. Bxc5 dxc5 13. d6 Be6 14.
dxe7 Qxe7 15. b3 a4 16. O-O Rfd8 17. Qe3 Rd3 1-0

[Event "*** Titled Tuesday Blitz"]
[Site "Chess.com"]
[Date "2020.04.07"]
[Round "9"]
[White "bangchess21"]
[Black "Caclox"]
[Result "1-0"]
[WhiteElo "2648"]
[BlackElo "2482"]
[TimeControl "180+1"]
[EndTime "14:41:42 PDT"]
[Termination "bangchess21 won by resignation"]

1. e4 c5 2. Nc3 d6 3. f4 Nc6 4. Nf3 Nf6 5. Bb5 Bd7 6. Bxc6 Bxc6 7. d3 g6 8. O-O Bg7 9. Qe1 O-O 10. Qh4 e6 11. f5 Nh5 12. Bg5 f6 13. Bd2 Qe8 14.
g4 g5 15. Qxh5 1-0

[Event "*** Titled Tuesday Blitz"]
[Site "Chess.com"]
[Date "2020.04.07"]
[Round "9"]
[White "Quiet_Desperation"]
[Black "Charlottemillard17"]
[Result "0-1"]
[WhiteElo "2015"]
[BlackElo "1341"]
[TimeControl "180+1"]
[EndTime "14:41:44 PDT"]
[Termination "Charlottemillard17 won by resignation"]

1. e4 e5 2. d4 exd4 3. c3 dxc3 4. Nxc3 Nc6 5. Nf3 Bb4 6. Bc4 h6 7. O-O Bxc3 8. bxc3 Nge7 9. e5 O-O 10. Bd3 d6 11. exd6 Qxd6 12. Qe2 Nd5 13. Bb2 Nf4 0-1

[Event "*** Titled Tuesday Blitz"]
[Site "Chess.com"]
[Date "2020.04.07"]
[Round "9"]
[White "SlavenPastar"]
[Black "Gerasimenyuk_Miha"]
[Result "1-0"]
[WhiteElo "2512"]
[BlackElo "2376"]
[TimeControl "180+1"]
[EndTime "14:41:53 PDT"]
[Termination "SlavenPastar won by resignation"]

1. d4 d6 2. e4 c6 3. c4 g6 4. Nc3 Bg7 5. Be3 Nf6 6. Bd3 e5 7. d5 c5 8. h3 O-O 9. Nge2 a6 10. Qd2 Nbd7 11. Bh6 Ne8 12. g4 Rb8 13. Ng3 Qh4 14. Bg5 Qxg5 15. Qxg5 f6 16. Qd2 b5 17.
cxb5 axb5 18. Bxb5 f5 19. gxf5 gxf5 20. Nxf5 1-0

[Event "*** Titled Tuesday Blitz"]
[Site "Chess.com"]
[Date "2020.04.07"]
[Round "9"]
[White "donotreadit"]
[Black "jmduque"]
[Result "1-0"]
[WhiteElo "2725"]
[BlackElo "2508"]
[TimeControl "180+1"]
[EndTime "14:42:13 PDT"]
[Termination "donotreadit won by resignation"]

1. Nf3 Nf6 2. d4 b6 3. Nbd2 Bb7 4. g3 g6 5. Bg2 Bg7 6. O-O O-O 7. b3 e6 8. Bb2 Qe7 9. c4 d5 10. Rc1 Rd8 11.
e3 c5 12. dxc5 bxc5 13. cxd5 exd5 14. Qc2 Na6 15. a3 Rac8 16. Rfd1 Bh6 17. Qb1 Ng4 18.
Re1 f5 19. Qa1 Re8 20. h3 Nxf2 21. Kxf2 Bxe3+ 22. Kf1 d4 23. Nc4 Nc7 24. Nxe3 d3 1-0

[Event "*** Titled Tuesday Blitz"]
[Site "Chess.com"]
[Date "2020.04.07"]
[Round "9"]
[White "Jeffinho023"]
[Black "aa175"]
[Result "1-0"]
[WhiteElo "2464"]
[BlackElo "2272"]
[TimeControl "180+1"]
[EndTime "14:42:29 PDT"]
[Termination "Jeffinho023 won by resignation"]

1. d4 Nf6 2. Nf3 d5 3. c4 g6 4. e3 Bg7 5. Nc3 O-O 6. Be2 c5 7. O-O dxc4 8. d5 a6 9. a4 Nbd7 10. e4 Rb8 11. a5 Ne8 12. Bf4 e5 13. dxe6 fxe6 14. Bxb8 Nxb8 15. Qxd8 1-0

[Event "*** Titled Tuesday Blitz"]
[Site "Chess.com"]
[Date "2020.04.07"]
[Round "9"]
[White "esskeettit"]
[Black "CakeinSpace2002"]
[Result "1-0"]
[WhiteElo "2332"]
[BlackElo "2180"]
[TimeControl "180+1"]
[EndTime "14:42:42 PDT"]
[Termination "esskeettit won by resignation"]

1. d4 g6 2. c4 Bg7 3. e4 d6 4. Nc3 Nf6 5. Nf3 O-O 6. Be2 Qe8 7. Nb5 Na6 8. Qc2 e5 9. dxe5 dxe5 10. O-O Qe7 11. b3 c6 12. Ba3 Nc5 13. Nc3 a5 14. Rfd1 Bg4 15. Na4 Nfd7 16. Rxd7 Qxd7 17. Bxc5 1-0

[Event "*** Titled Tuesday Blitz"]
[Site "Chess.com"]
[Date "2020.04.07"]
[Round "9"]
[White "maxip32"]
[Black "Eloist"]
[Result "1-0"]
[WhiteElo "2463"]
[BlackElo "2267"]
[TimeControl "180+1"]
[EndTime "14:43:01 PDT"]
[Termination "maxip32 won by resignation"]

1. e4 e6 2. d3 d5 3. Nd2 Nf6 4.
Ngf3 b6 5. g3 dxe4 6. dxe4 Bb7 7. Qe2 Ba6 8. Qd1 Bxf1 9. Kxf1 Be7 10. Kg2 O-O 11. Qe2 Nbd7 12. Rd1 Nc5 13. Nb3 Qc8 14. Nxc5 Bxc5 15. c3 Qb7 16. e5 Nd5 17. Re1 Ne7 18.
b4 1-0

[Event "*** Titled Tuesday Blitz"]
[Site "Chess.com"]
[Date "2020.04.07"]
[Round "9"]
[White "erlesfar"]
[Black "SHIVACalypso"]
[Result "1-0"]
[WhiteElo "2071"]
[BlackElo "2183"]
[TimeControl "180+1"]
[EndTime "14:43:03 PDT"]
[Termination "erlesfar won by resignation"]

1. e4 e6 2. d4 d5 3. Nc3 Nf6 4. Bg5 dxe4 5. Nxe4 Be7 6. Bxf6 gxf6 7. Nf3 f5 8. Nc3 a6 9. g3 b5 10. Bg2 Bb7 11. O-O c5 12. d5 b4 13. dxe6 bxc3 14. exf7+ Kf8 15. Qc1 Kg7 16. Rd1 Qb6 17. bxc3 Qf6 18.
Rb1 Bc6 19. Qf4 Nd7 20. Nh4 Bxg2 21. Nxf5+ Kxf7 22. Rxd7 1-0

[Event "*** Titled Tuesday Blitz"]
[Site "Chess.com"]
[Date "2020.04.07"]
[Round "9"]
[White "saraswathii"]
[Black "MaxVavulin"]
[Result "0-1"]
[WhiteElo "2256"]
[BlackElo "2466"]
[TimeControl "180+1"]
[EndTime "14:43:31 PDT"]
[Termination "MaxVavulin won by resignation"]

1. e4 g6 2. d3 Bg7 3. Nf3 d5 4.
Nbd2 e5 5. g3 Ne7 6. Bg2 O-O 7.
O-O Nbc6 8. exd5 Nxd5 9. Nc4 h6 10. c3 Re8 11. Ne3 Nde7 12. Qc2 a5 13. a4 b6 14. Rd1 Be6 15. h4 Qd7 16. Nh2 Rad8 17.
Bf3 Nf5 18. Neg4 Nfd4 19. Bxc6 Qxc6 20. Qd2 Nf3+ 21. Nxf3 Bxg4 0-1

[Event "*** Titled Tuesday Blitz"]
[Site "Chess.com"]
[Date "2020.04.07"]
[Round "9"]
[White "Schachmalanders"]
[Black "Magician4MA"]
[Result "1-0"]
[WhiteElo "2360"]
[BlackElo "2465"]
[TimeControl "180+1"]
[EndTime "14:43:34 PDT"]
[Termination "Schachmalanders won by resignation"]

1. e4 c5 2. Nc3 Nc6 3. g3 g6 4. Bg2 Bg7 5. Nge2 e6 6. d3 Nge7 7. Be3 d6 8. Qd2 Nd4 9. O-O-O Rb8 10. Bh6 O-O 11. h4 Qa5 12. Bxg7 Kxg7 13. h5 Nxe2+ 14. Qxe2 Bd7 15. Qe3 Rh8 16. Qf4 Qc7 17. d4 c4 18. e5 d5 19. Qf6+ 1-0

[Event "*** Titled Tuesday Blitz"]
[Site "Chess.com"]
[Date "2020.04.07"]
[Round "9"]
[White "Ovsiannikov_Maxim"]
[Black "Enriquack"]
[Result "1-0"]
[WhiteElo "2231"]
[BlackElo "2305"]
[TimeControl "180+1"]
[EndTime "14:43:52 PDT"]
[Termination "Ovsiannikov_Maxim won by resignation"]

1. d4 Nf6 2. Bg5 c5 3. d5 Ne4 4. Bh4 Qb6 5. Qc1 g6 6. f3 Nf6 7.
e4 Bg7 8. Nc3 d6 9. Bd3 Nbd7 10.
Nge2 O-O 11. f4 c4 12. Bxc4 Ng4 13. h3 Ne3 14. Bf2 Nxg2+ 15. Kf1 Qb4 16. Bb3 f5 17. a3 Qa5 18. Kxg2 fxe4 19. Nxe4 Nf6 20. Nxf6+ Rxf6 21.
Bd4 Rf5 22. Bxg7 Kxg7 23. Nd4 Rh5 24. Qe3 1-0

[Event "*** Titled Tuesday Blitz"]
[Site "Chess.com"]
[Date "2020.04.07"]
[Round "9"]
[White "MisiekZielony"]
[Black "Leo_C"]
[Result "1-0"]
[WhiteElo "2156"]
[BlackElo "2290"]
[TimeControl "180+1"]
[EndTime "14:43:53 PDT"]
[Termination "MisiekZielony won by resignation"]

1. c4 c6 2. Nc3 d5 3. cxd5 cxd5 4. d4 Nc6 5. Nf3 Nf6 6. Bf4 a6 7. Rc1 Bf5 8. e3 e6 9. Qb3 Na5 10. Qa4+ Nd7 11. Ne5 Nc6 12. Nxc6 bxc6 13. Qxc6 Bb4 14.
a3 Bxc3+ 15. Rxc3 O-O 16. Bc7 Qe8 17. Be2 Rc8 18. Bxa6 Nb8 19. Qxe8 Rcxe8 20. Bb5 Rc8 21. Kd2 h6 22. Rhc1 Kh7 23. a4 Kg6 24. a5 1-0

[Event "*** Titled Tuesday Blitz"]
[Site "Chess.com"]
[Date "2020.04.07"]
[Round "9"]
[White "PotapovaM"]
[Black "fmshawnrl123"]
[Result "1/2-1/2"]
[WhiteElo "2550"]
[BlackElo "2715"]
[TimeControl "180+1"]
[EndTime "14:43:58 PDT"]
[Termination "Game drawn by agreement"]

1. d4 Nf6 2. c4 e6 3. Nf3 d5 4. g3 Be7 5. Bg2 O-O 6. O-O dxc4 7. Ne5 Nc6 8. Bxc6 bxc6 9. Nxc6 Qe8 10. Nxe7+ Qxe7 11. Nc3 Rd8 12. Qa4 Rxd4 13. Be3 Rd8 14. Qxc4 e5 15. Qc5 Qxc5 16. Bxc5 Bf5 17. Rfd1 a6 18.
f3 e4 19. Kf2 h5 20. Rac1 exf3 1/2-1/2

[Event "*** Titled Tuesday Blitz"]
[Site "Chess.com"]
[Date "2020.04.07"]
[Round "9"]
[White "otrov-11"]
[Black "violetflower04"]
[Result "0-1"]
[WhiteElo "2381"]
[BlackElo "2250"]
[TimeControl "180+1"]
[EndTime "14:44:00 PDT"]
[Termination "violetflower04 won by resignation"]

1. d4 d5 2. c4 e6 3. Nf3 Nf6 4.
Nc3 b6 5. Bg5 Bb7 6. e3 Be7 7.
Bd3 Nbd7 8. Qc2 c5 9. cxd5 Nxd5 10. Bxe7 Qxe7 11. Nxd5 exd5 12. Bb5 O-O 13. Bxd7 Qxd7 14. O-O Rac8 15. Qd2 Qf5 16. Rac1 Rfd8 17. Rfd1 f6 18.
dxc5 bxc5 19. Qa5 d4 20. Rxd4 Rxd4 21. exd4 Bxf3 22. gxf3 Qg5+ 0-1

[Event "*** Titled Tuesday Blitz"]
[Site "Chess.com"]
[Date "2020.04.07"]
[Round "9"]
[White "almo64"]
[Black "ChessicallyInclined"]
[Result "1-0"]
[WhiteElo "2778"]
[BlackElo "2559"]
[TimeControl "180+1"]
[EndTime "14:44:07 PDT"]
[Termination "almo64 won by resignation"]

1. e4 d6 2. d4 Nf6 3. Nc3 g6 4. Bg5 c6 5. Qd2 Nbd7 6. O-O-O Qa5 7. Kb1 b5 8. f3 b4 9. Nce2 Bg7 10. Bh6 O-O 11.
Bxg7 Kxg7 12. h4 h5 13. Nh3 c5 14. Qg5 Qb6 15. Ng3 cxd4 16. Nf5+ Kg8 17. Nxe7+ Kh7 18.
Nf4 Qd8 19. Nfxg6 fxg6 20. Qxg6+ Kh8 21. Qh6+ Nh7 22. Ng6+ Kg8 23. Bc4+ 1-0

[Event "*** Titled Tuesday Blitz"]
[Site "Chess.com"]
[Date "2020.04.07"]
[Round "9"]
[White "DishonorOnYourCow"]
[Black "aloe_normansen"]
[Result "1-0"]
[WhiteElo "2336"]
[BlackElo "2185"]
[TimeControl "180+1"]
[EndTime "14:44:10 PDT"]
[Termination "DishonorOnYourCow won by resignation"]

1. d4 Nf6 2. c4 g6 3. Nc3 Bg7 4. e4 O-O 5. f4 d6 6. Nf3 c5 7. d5 e6 8. dxe6 Bxe6 9. Bd3 Nc6 10. f5 Bd7 11. O-O a6 12. Bf4 Ne8 13. Nd5 Nd4 14. Nxd4 Bxd4+ 15. Kh1 b5 16. Bh6 Bg7 17. Bxg7 Nxg7 18. f6 Ne6 19. Qd2 Kh8 20. Qh6 Bc6 21.
Rf3 Rg8 22. Qxh7+ 1-0

[Event "*** Titled Tuesday Blitz"]
[Site "Chess.com"]
[Date "2020.04.07"]
[Round "9"]
[White "FLamps8"]
[Black "ValentinDragnev"]
[Result "0-1"]
[WhiteElo "2530"]
[BlackElo "2712"]
[TimeControl "180+1"]
[EndTime "14:44:16 PDT"]
[Termination "ValentinDragnev won by resignation"]

1. Nc3 Nf6 2. e4 e5 3. Bc4 Be7 4. Nf3 d6 5. d4 exd4 6. Nxd4 O-O 7. O-O Re8 8. Re1 Bf8 9. f3 Nbd7 10. a4 Ne5 11.
Ba2 a5 12. Be3 c6 13. Qd2 Bd7 14. Rad1 h6 15. Nf5 Bxf5 16. exf5 d5 17. Bd4 Bd6 18. Kh1 Qc7 19. Qf2 Re7 20. Bb6 Qd7 21. Bc5 Rae8 22. Bxd6 Qxd6 23. Ne4 Nxe4 24. Rxe4 Qf6 25. Rf4 Ng6 26.
Rfd4 Re2 27. Qg3 Qxd4 0-1

[Event "*** Titled Tuesday Blitz"]
[Site "Chess.com"]
[Date "2020.04.07"]
[Round "9"]
[White "mishanick"]
[Black "nfds"]
[Result "1-0"]
[WhiteElo "2984"]
[BlackElo "2583"]
[TimeControl "180+1"]
[EndTime "14:44:26 PDT"]
[Termination "mishanick won by resignation"]

1. d4 d5 2. c4 e6 3. Nf3 Nf6 4. Nc3 Be7 5. g3 Ne4 6. Bg2 O-O 7. Qc2 Nxc3 8. Qxc3 dxc4 9. O-O Nd7 10. Qxc4 c5 11.
Rd1 cxd4 12. Nxd4 Qb6 13. Be3 Ne5 14. Qc3 Qb4 15. Qxb4 Bxb4 16. Rac1 Ba5 17. Rc5 1-0

[Event "*** Titled Tuesday Blitz"]
[Site "Chess.com"]
[Date "2020.04.07"]
[Round "9"]
[White "gixfantastix"]
[Black "JesseFebruary"]
[Result "1-0"]
[WhiteElo "2097"]
[BlackElo "1754"]
[TimeControl "180+1"]
[EndTime "14:44:32 PDT"]
[Termination "gixfantastix won by resignation"]

1. e3 d5 2. b3 e5 3. Bb2 Nc6 4. Bb5 Bd6 5. f4 Qf6 6. Nf3 Qg6 7. fxe5 Qxg2 8. Rg1 Qh3 9. exd6 Bd7 10. Bxg7 Bg4 11. Rg3 Qh5 12. dxc7 Nh6 13. Bxh8 Nf5 14. Rxg4 Qxg4 15.
Nc3 Kd7 16. Ne5+ 1-0

[Event "*** Titled Tuesday Blitz"]
[Site "Chess.com"]
[Date "2020.04.07"]
[Round "9"]
[White "Alvarov79"]
[Black "MikeSailer"]
[Result "0-1"]
[WhiteElo "2273"]
[BlackElo "2076"]
[TimeControl "180+1"]
[EndTime "14:44:36 PDT"]
[Termination "MikeSailer won by resignation"]

1. d4 d5 2. c4 Bf5 3. Nc3 e6 4. Nf3 Nc6 5. Bf4 Bb4 6. e3 Nf6 7. Rc1 O-O 8. Be2 dxc4 9. Bxc4 Nd5 10. Bxd5 exd5 11. O-O Bg4 12. Qb3 Bxf3 13. gxf3 Bxc3 14. bxc3 Na5 15. Qc2 Nc4 16. Bg3 c6 17. e4 f5 18.
exf5 Qg5 19. Rfe1 Rxf5 20. Qe2 Raf8 21. Qe6+ Kh8 22. Rb1 Nd2 23. Rxb7 Nxf3+ 24. Kf1 Nxe1 25. Qxe1 h5 26. h4 Qxg3 0-1

[Event "*** Titled Tuesday Blitz"]
[Site "Chess.com"]
[Date "2020.04.07"]
[Round "9"]
[White "VeraLevel"]
[Black "Philosopherrr"]
[Result "1-0"]
[WhiteElo "2737"]
[BlackElo "2448"]
[TimeControl "180+1"]
[EndTime "14:44:53 PDT"]
[Termination "VeraLevel won by resignation"]

1. d4 Nf6 2. c4 e6 3. Nc3 c5 4.
d5 exd5 5. cxd5 d6 6. e4 g6 7. h3 Bg7 8. Nf3 O-O 9. Bd3 Re8 10. O-O c4 11. Bxc4 Nxe4 12. Nxe4 Rxe4 13. Bg5 Bf6 14. Bd3 Re8 15. Bf4 Bxb2 16. Rb1 Bf6 17. Re1 Rf8 18. Qd2 b6 19. Bh6 Bg7 20. Rb4 Na6 21. Rh4 Bf6 22. Bxf8 Bxh4 23. Bxd6 Qxd6 24. Re8+ Kg7 25. Nxh4 Qf6 26. Bxa6 Bxa6 27. Rxa8 Qxh4 28. d6 Qe4 29. Rxa7 Bb7 30. Rxb7 Qxb7 31. d7 1-0

[Event "*** Titled Tuesday Blitz"]
[Site "Chess.com"]
[Date "2020.04.07"]
[Round "9"]
[White "AnnaChessLook"]
[Black "The_Machine04"]
[Result "0-1"]
[WhiteElo "2228"]
[BlackElo "2362"]
[TimeControl "180+1"]
[EndTime "14:44:58 PDT"]
[Termination "The_Machine04 won by resignation"]

1. e4 d6 2. d4 Nf6 3. Nc3 e5 4. Nf3 Nbd7 5. g4 d5 6. dxe5 Nxe4 7. Qxd5 Nxc3 8. bxc3 c6 9. Qe4 Nc5 10. Qe3 Bxg4 11.
Bc4 Be6 12. Bd3 Qa5 13. Bd2 Nd7 14. O-O Bc5 15. Qg5 h6 16. Qf4 Qc7 17. Be3 Be7 18. Nd4 Qxe5 19. Qxe5 Nxe5 20. Nxe6 fxe6 21. Bd4 Nxd3 22.
cxd3 Bf6 23. Bxf6 gxf6 24. Rfe1 Kf7 25. Rab1 b6 26. Re4 Rad8 27. d4 Rhg8+ 28. Kh1 Rg5 29.
Rbe1 Rd6 30. R1e2 Ra5 31. h3 Ra3 32. R4e3 Ra5 33. Kh2 c5 34. dxc5 Rxc5 35. Rg3 Rdc6 36. Ree3 Ra5 37. Re2 Ra3 38. Rd2 e5 39. Rd6 Rxd6 0-1

[Event "*** Titled Tuesday Blitz"]
[Site "Chess.com"]
[Date "2020.04.07"]
[Round "9"]
[White "swimmerchess"]
[Black "Indianlad"]
[Result "1-0"]
[WhiteElo "2856"]
[BlackElo "2996"]
[TimeControl "180+1"]
[EndTime "14:45:06 PDT"]
[Termination "swimmerchess won by resignation"]

1. e4 c6 2. d4 d5 3. e5 Bf5 4. c4 e6 5. Nc3 Ne7 6. Nge2 dxc4 7. Ng3 Bg6 8. Bxc4 Nd7 9. O-O Nb6 10. Bb3 Ned5 11. f4 Bb4 12. Qf3 Ne7 13. Be3 Nbd5 14.
Nxd5 cxd5 15. Ba4+ Kf8 16. Rac1 h5 17. a3 Ba5 18. b4 Bb6 19. Bc2 h4 20. f5 exf5 21.
Nxf5 Bh5 22. Qf2 h3 23. g4 Bxg4 24. Nxg7 f5 25. Ne6+ Kf7 26. Nxd8+ Raxd8 27. Bd1 Rdg8 28. Kh1 Ke6 29. Rg1 a6 30. Bxg4 1-0

[Event "*** Titled Tuesday Blitz"]
[Site "Chess.com"]
[Date "2020.04.07"]
[Round "9"]
[White "Gabrielian_Artur"]
[Black "michaelk123"]
[Result "1-0"]
[WhiteElo "2712"]
[BlackElo "2433"]
[TimeControl "180+1"]
[EndTime "14:45:07 PDT"]
[Termination "Gabrielian_Artur won by resignation"]

1. e4 c6 2. d3 d5 3. Nd2 g6 4.
g3 Bg7 5. Bg2 e6 6. Ne2 Ne7 7.
O-O O-O 8. f4 a5 9. a3 Nd7 10.
Kh1 b6 11. Nf3 Bb7 12. e5 c5 13. g4 d4 14. Ng3 Rc8 15. Qe2 Qc7 16. Bd2 Bd5 17.
Rae1 b5 18. f5 Bxf3 19. Bxf3 exf5 20. e6 Ne5 21. gxf5 fxe6 22. Bf4 N7c6 23. Qg2 Nxf3 24. Bxc7 Nxe1 25. Qxc6 Nxc2 26. Qxe6+ Kh8 27. Be5 Rce8 28. f6 1-0

[Event "*** Titled Tuesday Blitz"]
[Site "Chess.com"]
[Date "2020.04.07"]
[Round "9"]
[White "lIlIlIlI_lIl"]
[Black "MasterKroket"]
[Result "1-0"]
[WhiteElo "2619"]
[BlackElo "2465"]
[TimeControl "180+1"]
[EndTime "14:45:11 PDT"]
[Termination "lIlIlIlI_lIl won by resignation"]

1. d3 d5 2. Nf3 Nf6 3. Nbd2 g6 4.
e4 Bg7 5. e5 Ng4 6. d4 c5 7. c3 Nc6 8. Nb3 cxd4 9. cxd4 f6 10.
h3 Nh6 11. exf6 exf6 12. Bf4 O-O 13. Be2 Nf7 14. O-O Nd6 15. Rc1 Ne4 16. Nc5 Re8 17. Bb5 g5 18. Bh2 g4 19. hxg4 Bxg4 20. Nxb7 Qb6 21.
Bxc6 Ng5 22. Bxd5+ Kh8 23. Nd6 Red8 24. Re1 Rxd6 25.
Bxd6 Rd8 1-0

[Event "*** Titled Tuesday Blitz"]
[Site "Chess.com"]
[Date "2020.04.07"]
[Round "9"]
[White "Yanidze"]
[Black "TheBigBadChessDad"]
[Result "1-0"]
[WhiteElo "2466"]
[BlackElo "2289"]
[TimeControl "180+1"]
[EndTime "14:45:14 PDT"]
[Termination "Yanidze won by resignation"]

1. d4 d5 2. c4 e6 3. Nc3 Nf6 4. cxd5 exd5 5. Bg5 c6 6. e3 Be7 7. Qc2 Nbd7 8. Bd3 h6 9. Bf4 Nh5 10. Bg3 Nxg3 11. hxg3 Nb6 12. Nge2 Bd6 13. Nf4 Bxf4 14.
gxf4 Bd7 15. O-O-O Qe7 16. Kb1 O-O-O 17. Na4 Nxa4 18. Qxa4 Kb8 19. Rc1 c5 20. Qa3 Rc8 21. Rxc5 Rxc5 22. Qxc5 Qxc5 23. dxc5 a5 24. Rh5 Bc6 25.
Re5 Rf8 26. Re7 Kc8 27. Re5 f6 28. Rh5 Kd7 29. Kc2 Ke6 30. Bf5+ Kf7 31. Rh1 Rd8 32. Kd3 Ra8 33. Kd4 a4 34. a3 Ra5 35. Bd3 Ke6 36. f5+ Kd7 37. Rc1 Kc7 38. f3 Ra8 39.
g4 b6 40. cxb6+ Kxb6 41. e4 dxe4 42. Rxc6+ Kxc6 43. Bxe4+ 1-0

[Event "*** Titled Tuesday Blitz"]
[Site "Chess.com"]
[Date "2020.04.07"]
[Round "9"]
[White "MathiasWomacka"]
[Black "JustWatch000"]
[Result "0-1"]
[WhiteElo "2426"]
[BlackElo "2590"]
[TimeControl "180+1"]
[EndTime "14:45:15 PDT"]
[Termination "JustWatch000 won on time"]

1. e4 c5 2. Nf3 e6 3. d4 cxd4 4. Nxd4 Nf6 5. Nc3 Nc6 6. Nxc6 bxc6 7. e5 Nd5 8. Ne4 Qb6 9. c4 Bb4+ 10. Bd2 f5 11. cxd5 fxe4 12. dxe6 O-O 13. Qe2 Ba6 14. Qe3 Bc5 15. Qxe4 Bxf2+ 16. Kd1 dxe6 17. Bxa6 Qxa6 18. Kc2 Rad8 19. Rhf1 Rd4 0-1

[Event "*** Titled Tuesday Blitz"]
[Site "Chess.com"]
[Date "2020.04.07"]
[Round "9"]
[White "Zq1"]
[Black "Fianchettoed-Tower"]
[Result "0-1"]
[WhiteElo "2543"]
[BlackElo "2403"]
[TimeControl "180+1"]
[EndTime "14:45:23 PDT"]
[Termination "Fianchettoed-Tower won by resignation"]

1. d4 g6 2. c4 Bg7 3. e4 c5 4. d5 d6 5. Bd3 e6 6. Nc3 Ne7 7. Nf3 O-O 8. h4 h6 9. Be3 exd5 10.
cxd5 Bg4 11. Qd2 Kh7 12. Nh2 Bc8 13. g4 Nd7 14. f4 a6 15. h5 b5 16. hxg6+ fxg6 17. Nf3 Kg8 18. e5 dxe5 19. d6 Nc6 20. Bc4+ bxc4 21. Qd5+ Rf7 22. Qxc6 Rb8 23. O-O-O exf4 24. Qc7 Bb7 25. Nd5 Bxd5 26. Rxd5 fxe3 27. Nh4 Qf6 28. Rh2 Qf1+ 29. Rd1 e2 0-1

[Event "*** Titled Tuesday Blitz"]
[Site "Chess.com"]
[Date "2020.04.07"]
[Round "9"]
[White "2165149677570"]
[Black "politeplayer"]
[Result "1-0"]
[WhiteElo "2366"]
[BlackElo "2203"]
[TimeControl "180+1"]
[EndTime "14:45:23 PDT"]
[Termination "2165149677570 won by resignation"]

1. d4 Nf6 2. c4 c5 3. d5 e6 4. Nc3 exd5 5. cxd5 d6 6. e4 g6 7. f4 Bg7 8. Bb5+ Nfd7 9. Nf3 a6 10. Bxd7+ Nxd7 11. O-O O-O 12. f5 Ne5 13. Bf4 Nxf3+ 14. Qxf3 b5 15.
Qg3 b4 16. Ne2 Bxb2 17. Rab1 Be5 18. Bxe5 dxe5 19. f6 Re8 20. Qg5 Qd6 21. Rbc1 Kh8 22. Qe3 Bg4 23. Ng3 Rec8 24. Qh6 Qf8 25. Qxf8+ Rxf8 26. Rxc5 Rfc8 27. Rfc1 Rxc5 28. Rxc5 Rc8 29. Rxc8+ Bxc8 30. Kf2 a5 31. Ke3 a4 32. Kd2 Ba6 33. Ne2 Bxe2 34. Kxe2 Kg8 35. d6 Kf8 36. d7 1-0